 Dungeon Crawl Stone Soup version 0.23.2-1-ga50397a (webtiles) character file.

Game seed: 12330127964385046206

3677 wilfster70 the Cleaver (level 10, -11/88 HPs)
             Began as a Hill Orc Fighter on May 3, 2019.
             Was a Believer of Beogh.
             Mangled by an orc knight
             ... wielding a +0 war axe
              (15 damage)
             ... in a bailey.
             The game lasted 00:15:02 (6159 turns).

wilfster70 the Cleaver (Hill Orc Fighter)           Turns: 6159, Time: 00:15:03

Health: -11/88     AC: 17    Str: 23    XL:     10   Next: 13%
Magic:  14/14      EV:  5    Int:  8    God:    Beogh [**....]
Gold:   334        SH: 11    Dex: 10    Spells: 9/9 levels left

rFire    . . .     SeeInvis .   a - +2 war axe
rCold    + . .     Gourm    .   c - +0 shield
rNeg     . . .     Faith    .   u - +0 plate armour
rPois    +         Spirit   .   k - +2 helmet
rElec    .         Reflect  .   (no cloak)
rCorr    .         Harm     .   A - +0 pair of gloves
MR       .....                  (no boots)
Stlth    ..........             (no amulet)
HPRegen  0.24/turn              p - ring of poison resistance
MPRegen  0.14/turn              l - ring of protection from cold

@: very slightly contaminated, invisible
A: no striking features
a: Smiting, Renounce Religion


You were in a bailey.
You worshipped Beogh.
Beogh was pleased with you.
You were not hungry.

You visited 1 branch of the dungeon, and saw 8 of its levels.
You also visited: Bailey.

You collected 334 gold pieces.

Inventory:

Hand Weapons
 a - a +2 war axe (weapon)
 h - a +0 shortbow of velocity
 B - a +1 flail of protection
Armour
 c - a +0 shield (worn)
 k - a +2 helmet (worn)
 u - a +0 plate armour (worn)
 A - a +0 pair of gloves (worn)
Jewellery
 l - a ring of protection from cold (right hand)
 n - an uncursed ring of positive energy
 p - a ring of poison resistance (left hand)
Wands
 r - a wand of clouds (10)
 y - a wand of flame (29)
Scrolls
 e - 3 scrolls of identify
 j - 4 scrolls of remove curse
 m - 6 scrolls of teleportation
 s - a scroll of enchant armour
Potions
 g - a potion of ambrosia
 i - 2 potions of mutation
 o - 2 potions of curing
 q - a potion of lignification
 t - a potion of flight {unknown}
 v - 3 potions of heal wounds
 w - a potion of haste {unknown}
Comestibles
 b - 8 chunks of flesh
 f - 13 rations


   Skills:
 + Level 8.1 Fighting
 * Level 11.2 Axes
 + Level 7.3 Armour
 + Level 7.3 Shields
 + Level 6.1 Invocations


You had 9 spell levels left.
You didn't know any spells.
Your spell library contained the following spells:

 Spells                   Type           Power        Failure   Level  Hunger
 Animate Skeleton         Necr           N/A          100%        1    ##.....
 Pain                     Necr           #...         100%        1    ##.....
 Regeneration             Chrm/Necr      #.........   100%        3    ####...
 Vampiric Draining        Necr           #.........   100%        3    ####...
 Animate Dead             Necr           N/A          100%        4    #####..


Dungeon Overview and Level Annotations

Branches:
Dungeon (8/15)             Temple (0/1) D:7
   Lair: D:8-11

Altars:
Dithmenos
Fedhas
Okawaru
Qazlal
Trog

Shops:
D:6 }


Message History

Your plate armour prevents you from hitting the orc warrior.
The orc knight closely misses you. You block the orc warrior's attack.
You feel much better.
The orc warrior no longer looks unusually strong.
The orc knight roars a battlecry!
The orc warrior goes into a battle-frenzy!
The orc warrior barely misses you.
You closely miss the orc knight.
The orc knight is heavily wounded.
You hit the orc warrior but do no damage.
The orc knight hits you but does no damage.
You closely miss the orc knight.
The orc knight is heavily wounded.
You catch the helpless orc warrior completely off-guard!
You hit the orc warrior.
The orc warrior hits you with a +0 battleaxe!!
* * * LOW HITPOINT WARNING * * *
The orc knight hits you with a +0 war axe!
You die...
Beogh appreciates the orc knight's killing of a heretic priest.

.......# .......#
o.o...### ♣♣♣♣♣♣
....#)#.### ♣..♣.♣♣
#.###))...###♣♣♣.....♣
###.........##.......♣♣
#...........#........♣
#..........)).o......♣
#.....⌠....)'.o@.∩..♣
#...........'.).....♣
#...........#........♣
###.........##......♣♣♣
#.###))...###♣♣♣....♣
....#)#.### ♣♣.♣.♣
......### ♣♣♣♣♣
.......# .......#


You could see an orc knight and an orc warrior.

Vanquished Creatures
  Harold (D:7)
  Prince Ribbit (D:5)
  A spriggan (D:7)
  Edmund (D:5)
  Purgy (D:4)
  3 orc warriors (Bailey)
  2 ice beasts
  A phantom (D:7)
  A black bear (D:6)
  2 sky beasts
  2 centaurs
  An ogre (D:6)
  A big kobold (D:8)
  4 bullfrogs
  2 scorpions
  A howler monkey (D:4)
  A centaur zombie (D:7)
  4 crimson imps
  An orc priest (D:7)
  A quasit (D:7)
  A bullfrog skeleton (D:4)
  A centaur skeleton (D:6)
  An orc wizard (D:6)
  3 hounds
  2 iguanas
  3 worker ants (D:6)
  A hound skeleton (D:7)
  2 gnolls (Bailey)
  11 adders
  A shadow imp (D:5)
  An ooze (D:3)
  An adder zombie (D:7)
  3 worms
  2 dart slugs
  3 leopard geckos
  25 orcs
  7 giant cockroaches
  22 goblins
  17 hobgoblins
  5 jackals
  7 kobolds
  3 quokkas
  3 ball pythons (D:1)
  12 bats
  4 frilled lizards (D:1)
  A leopard gecko zombie (D:5)
  A quokka skeleton (D:7)
  A quokka zombie (D:5)
  10 rats
186 creatures vanquished.

Vanquished Creatures (others)
  A centaur (D:5)
  An orc priest (D:5)
  2 orc wizards
4 creatures vanquished.

Grand Total: 190 creatures vanquished

Notes
Turn   | Place    | Note
-------+----------+-------------------------------------------
     0 | D:1      | wilfster70 the Hill Orc Fighter began the quest for the
                  | Orb.
     0 | D:1      | Reached XP level 1. HP: 19/19 MP: 1/1
    41 | D:1      | Reached skill level 3 in Axes
   163 | D:1      | Reached XP level 2. HP: 27/27 MP: 2/2
   406 | D:1      | Reached XP level 3. HP: 32/33 MP: 3/3
   874 | D:2      | Found a blossoming altar of Fedhas.
   911 | D:2      | Noticed a bullfrog
   921 | D:2      | Killed a bullfrog
   921 | D:2      | Reached skill level 4 in Axes
   921 | D:2      | Reached XP level 4. HP: 33/41 MP: 4/4
  1273 | D:2      | Reached XP level 5. HP: 41/47 MP: 5/5
  2399 | D:4      | Reached skill level 5 in Axes
  2452 | D:4      | Reached XP level 6. HP: 47/55 MP: 6/6
  2710 | D:4      | Noticed Purgy
  2736 | D:4      | Killed Purgy
  2736 | D:4      | Reached skill level 5 in Fighting
  2909 | D:4      | Noticed an ice beast
  2921 | D:4      | Killed an ice beast
  2921 | D:4      | Reached skill level 6 in Axes
  2921 | D:4      | Reached XP level 7. HP: 50/61 MP: 7/7
  3272 | D:5      | Entered Level 5 of the Dungeon
  3312 | D:5      | Became a worshipper of Beogh the Brigand
  3405 | D:5      | Reached skill level 5 in Armour
  3405 | D:5      | Reached skill level 5 in Shields
  3428 | D:5      | Reached skill level 7 in Axes
  3470 | D:5      | Noticed Prince Ribbit
  3470 | D:5      | Noticed Edmund
  3493 | D:5      | Killed Edmund
  3493 | D:5      | Reached skill level 1 in Invocations
  3506 | D:5      | Killed Prince Ribbit
  3506 | D:5      | Reached XP level 8. HP: 50/70 MP: 9/9
  3507 | D:5      | Found an iron altar of Okawaru.
  3638 | D:5      | Found a stormy altar of Qazlal.
  3642 | D:5      | Reached skill level 8 in Axes
  3769 | D:6      | Found a shadowy altar of Dithmenos.
  3884 | D:6      | Reached * piety under Beogh
  4069 | D:6      | Found a stormy altar of Qazlal.
  4202 | D:6      | Reached skill level 9 in Axes
  4478 | D:6      | Reached XP level 9. HP: 76/78 MP: 11/11
  4486 | D:6      | Found Ceycolaq's Gadget Shop.
  4938 | D:7      | Found a staircase to the Ecumenical Temple.
  5066 | D:7      | Reached ** piety under Beogh
  5157 | D:7      | Found a bloodstained altar of Trog.
  5200 | D:7      | Reached skill level 10 in Axes
  5212 | D:7      | Reached skill level 5 in Invocations
  5396 | D:7      | Noticed Harold
  5407 | D:7      | Killed Harold
  5865 | D:8      | Reached XP level 10. HP: 88/88 MP: 14/14
  5889 | D:8      | Reached skill level 11 in Axes
  5928 | D:8      | Found a flagged portal.
  5937 | Bailey   | Entered a bailey
  6098 | Bailey   | Noticed an orc knight
  6159 | Bailey   | HP: 4/88 [orc warrior/+0 battleaxe (29)]
  6159 | Bailey   | Mangled by an orc knight

Skill      XL: |  1  2  3  4  5  6  7  8  9 10 |
---------------+-------------------------------+-----
Axes           | 3 4 5 6 7 9 10 11 | 11.2
Fighting       | 4 5 6 7 8 |  8.1
Armour         | 4 5 6 7 |  7.3
Shields        | 4 5 6 7 |  7.3
Invocations    | 2 3 5 6 |  6.1

Action                   |  1- 3 |  4- 6 |  7- 9 | 10-12 || total
-------------------------+-------+-------+-------+-------++-------
Melee: War axe           |   107 |   124 |   271 |    97 ||   599
Invok: Convert to Beogh  |       |       |     1 |       ||     1
       Smiting           |       |       |     2 |       ||     2
  Use: Scroll            |       |     5 |    12 |       ||    17
       Potion            |       |       |     1 |     3 ||     4
 Stab: Distracted        |       |       |     1 |       ||     1
       Invisible         |       |       |       |     4 ||     4
  Eat: Chunk             |       |     7 |     6 |     1 ||    14
       Ration            |       |       |     1 |       ||     1
Armor: Scale mail        |    93 |    12 |       |       ||   105
       Chain mail        |       |     9 |       |       ||     9
       Plate armour      |       |    70 |   176 |    29 ||   275
Dodge: Dodged            |    48 |    24 |    39 |    16 ||   127
Block: Shield            |    80 |    72 |   140 |    44 ||   336
